 Dungeon Crawl Stone Soup version 0.17.0-28-g6e173f8 (webtiles) character file.

3785 Helmschank the Purveyor of Pain (level 9, -4/63 HPs)
             Began as a Demonspawn Necromancer on Nov 26, 2015.
             Was an Initiate of Kikubaaqudgha.
             Slain by a wight
             ... wielding a +4 halberd of chopping
              (5 damage)
             ... on level 8 of the Dungeon on Nov 27, 2015.
             The game lasted 00:45:02 (8537 turns).

Helmschank the Purveyor of Pain (DsNe)              Turns: 8537, Time: 00:45:03

Health: -4/63      AC:  7    Str: 11    XL:     9   Next: 95%
Magic:  15/15      EV: 15    Int: 21    God:    Kikubaaqudgha [......]
Gold:   395        SH:  0    Dex: 15    Spells: 4 memorised, 8 levels left

rFire  + . .     SeeInvis .     a - +5 whip (pain)
rCold  . . .     Clarity  +     h - +0 leather armour
rNeg   . . .     SustAt   .     (no shield)
rPois  .         Gourm    .     m - +1 hat
rElec  .         Spirit   .     F - +0 cloak
rCorr  .         Warding  .     J - +0 pair of gloves
rMut   .         Stasis   .     y - +0 pair of boots
MR     .....                    t - amulet of clarity
Stlth  +.........               p - ring of protection from fire
                                l - +5 ring of intelligence

@: drained, not resistant to hostile enchantments, very unstealthy
A: antennae 2, repulsion field 1, powered by death 1, spiny 1
a: Renounce Religion


You were on level 8 of the Dungeon.
You worshipped Kikubaaqudgha.
Kikubaaqudgha was noncommittal.
You were not hungry.

You visited 2 branches of the dungeon, and saw 9 of its levels.

You collected 395 gold pieces.

Inventory:

Hand Weapons
 a - a +5 whip of pain (weapon)
 b - a +0 blowgun
 d - a +0 club
 r - a +0 dagger of venom
 E - a +0 flail
Missiles
 e - 194 stones (quivered)
 z - 6 tomahawks
 B - 32 poisoned needles
Armour
 h - a +0 leather armour (worn)
 m - a +1 hat (worn)
 w - a cursed -2 scale mail
 x - a +0 robe
 y - a +0 pair of boots (worn)
 F - a +0 cloak (worn)
 J - a +0 pair of gloves (worn)
Jewellery
 g - an uncursed amulet of stasis
 l - a +5 ring of intelligence (left hand)
 p - a ring of protection from fire (right hand)
 s - an uncursed ring of protection from magic
 t - an amulet of clarity (around neck)
 u - an uncursed ring of stealth
 K - an uncursed ring of teleportation
Wands
 o - a wand of random effects (14)
Scrolls
 i - a scroll of magic mapping
 n - a scroll of remove curse
Potions
 k - a potion of cancellation
 v - a potion of haste
 C - a potion of resistance
 G - a potion of agility
 H - a potion of curing
 N - 4 potions of lignification {unknown}
 P - 2 potions of mutation {unknown}
Books
 A - a book of Necromancy

   Spells                             Type                      Level
   a - Pain                           Necromancy                   1
   b - Animate Skeleton               Necromancy                   1
   c - Vampiric Draining              Necromancy                   3
   d - Regeneration                   Charms/Necromancy            3
   e - Animate Dead                   Necromancy                   4
   f - Control Undead                 Necromancy                   4
 I - an Akashic Record

   Spells                             Type                      Level
   a - Dispersal                      Translocation                6
   b - Malign Gateway                 Summoning/Translocation      7
   c - Disjunction                    Translocation                8
   d - Controlled Blink               Translocation                8
 Q - a book of Beasts

   Spells                             Type                      Level
   a - Summon Butterflies             Summoning                    1
   b - Call Canine Familiar           Summoning                    3
   c - Summon Ice Beast               Ice/Summoning                4
   d - Summon Mana Viper              Hexes/Summoning              5
   e - Summon Hydra                   Summoning                    7
Comestibles
 c - 4 bread rations
 f - 5 meat rations
 j - 6 beef jerkies
 q - a royal jelly
 D - 8 fruits
 L - 7 slices of pizza


   Skills:
 - Level 3.1(2.0) Fighting
 - Level 7.0(5.8) Maces & Flails
 - Level 3.0(1.9) Armour
 - Level 5.0(3.8) Dodging
 - Level 1.7(0.7) Stealth
 - Level 4.1(3.0) Spellcasting
 - Level 10.2(8.9) Necromancy
 + Level 2.0(1.0) Evocations


You had 8 spell levels left.
You knew the following spells:

 Your Spells              Type           Power        Failure   Level  Hunger
a - Regeneration          Chrm/Necr      ###.......   10%         3    ###....
v - Vampiric Draining     Necr           #####.....   1%          3    ###....
x - Animate Skeleton      Necr           N/A          1%          1    None
z - Pain                  Necr           ####         1%          1    None


Dungeon Overview and Level Annotations

Branches:
Dungeon (8/15)             Temple (1/1) D:7
   Lair: D:8-11

Altars:
Ashenzari
Cheibriados
Dithmenos
Elyvilon
Fedhas
Gozag
Kikubaaqudgha
Makhleb
Nemelex Xobeh
Okawaru
Qazlal
Ru
Sif Muna
Trog
Vehumet
Xom
Yredelemnul
The Shining One

Annotations:
D:8 exclusion: ice statue


Innate Abilities, Weirdness & Mutations

You have a pair of antennae on your head.
You are surrounded by a mild repulsion field (EV +2).
You regenerate a little health from kills.
You are partially covered in sharp spines.


Message History

You feel drained.
* * * LOW HITPOINT WARNING * * *
You take 9 damage, and have 30/63 hp.
You barely miss the wight.
The wight is severely damaged.
You hit the wight.
The wight is severely damaged.
The wight closely misses you.
The wight hits you from afar with an enchanted spear!
* * * LOW HITPOINT WARNING * * *
You take 6 damage, and have 24/63 hp.
The wight hits you from afar with an enchanted spear!
* * * LOW HITPOINT WARNING * * *
You feel drained.
* * * LOW HITPOINT WARNING * * *
The wight hits you from afar with a halberd of chopping!
* * * LOW HITPOINT WARNING * * *
You feel drained.
You die...
Kikubaaqudgha rasps: "You have failed me!
Welcome... death!"

.###.#z#######)###.# ..#
#...).(..(#.z..#
.#.#.#.#######.###.#
..#.##.# #.# #(#
[#.#.#.#######.###.#
..[....#...........##
.#.#.###.#####.##...####
.#..## #.# #......((..
.#.### #.# ###@..<.##
.....# #># #..z..#
.....# #.### ##z..##
.....# #...# ###.#
.#...# ###.# #.# .....#
#.# #.# ##..## #.# #.#
#..# #.## #.#
##..######..## #.#


You could see 2 wights.

Vanquished Creatures
  The ghost of mythicalmythos the Conjurer, an amateur OpWz (D:5)
  2 hogs (D:7)
  A human (D:7)
  Edmund (D:5)
  2 ice beasts
  2 sky beasts
  Duvessa (D:6)
  3 phantoms
  3 ogres
  2 big kobolds
  3 giant frogs
  2 centaurs
  Dowan (D:6)
  A water moccasin skeleton (D:5)
  3 killer bees (D:8)
  4 wights (D:8)
  3 quasits
  A centaur zombie (D:8)
  3 crimson imps
  4 orc priests
  5 hounds
  2 jellies (D:7)
  5 orc wizards
  3 centaur skeletons
  A giant frog skeleton (D:6)
  2 iguanas
  A worker ant (D:7)
  2 sheep (D:7)
  A hound zombie (D:8)
  2 hound skeletons
  A worker ant zombie (D:5)
  Robin (D:2)
  3 gnolls (D:2)
  6 adders
  A shadow imp (D:7)
  A worm (D:2)
  6 giant geckos
  18 orcs
  8 bats
  5 giant cockroaches
  6 hobgoblins
  7 jackals
  14 kobolds
  5 ball pythons
  5 giant newts
  18 goblins
  A jackal skeleton (D:4)
  3 quokkas
  A quokka skeleton (D:3)
  4 rats
181 creatures vanquished.

Vanquished Creatures (collateral kills)
  2 hounds
  2 worker ants (D:4)
  A worker ant zombie (D:5)
  A gnoll (D:2)
  A worm (D:2)
  2 giant cockroaches
  A hobgoblin (D:2)
  A quokka (D:2)
  A bat (D:1)
  A giant newt (D:2)
  3 goblins
  2 jackals (D:1)
  3 kobolds (D:3)
21 creatures vanquished.

Grand Total: 202 creatures vanquished

Notes
Turn   | Place    | Note
--------------------------------------------------------------
     0 | D:1      | Helmschank the Demonspawn Necromancer began the quest for the Orb.
     0 | D:1      | Reached XP level 1. HP: 13/13 MP: 3/3
   114 | D:1      | Learned a level 1 spell: Animate Skeleton
   180 | D:1      | Reached skill level 1 in Maces & Flails
   407 | D:1      | Gained mutation: You are surrounded by a mild repulsion field (EV +2). [demonic ancestry]
   407 | D:1      | Reached XP level 2. HP: 17/19 MP: 5/5
   884 | D:1      | Reached XP level 3. HP: 8/24 MP: 1/6
  1710 | D:2      | Found a bloodstained altar of Trog.
  1917 | D:2      | Learned a level 3 spell: Vampiric Draining
  2193 | D:2      | Found a deep blue altar of Sif Muna.
  2347 | D:2      | Found a blossoming altar of Fedhas.
  2408 | D:2      | Gained mutation: You regenerate a little health from kills. [demonic ancestry]
  2408 | D:2      | Reached XP level 4. HP: 15/30 MP: 4/7
  3459 | D:2      | Reached XP level 5. HP: 15/35 MP: 1/8
  3672 | D:3      | Noticed Robin
  3739 | D:2      | Killed Robin
  3843 | D:2      | Your ally Robin died
  4145 | D:3      | Learned a level 3 spell: Regeneration
  4147 | D:3      | Found a snail-covered altar of Cheibriados.
  4296 | D:2      | Reached skill level 5 in Maces & Flails
  4814 | D:4      | Reached skill level 5 in Necromancy
  4814 | D:4      | Gained mutation: You are partially covered in sharp spines. [demonic ancestry]
  4814 | D:4      | Reached XP level 6. HP: 41/41 MP: 9/9
  4945 | D:3      | Reached skill level 6 in Necromancy
  4982 | D:3      | Reached skill level 1 in Armour
  5104 | D:3      | Gained mutation: You have a pair of small antennae on your head. [demonic ancestry]
  5104 | D:3      | Reached XP level 7. HP: 39/46 MP: 10/10
  5312 | D:4      | Found a shadowy altar of Dithmenos.
  5443 | D:5      | Entered Level 5 of the Dungeon
  5698 | D:5      | Noticed mythicalmythos's ghost (amateur OpWz)
  5725 | D:5      | Killed mythicalmythos's ghost
  5725 | D:5      | Gained mutation: You have a pair of antennae on your head. [demonic ancestry]
  5725 | D:5      | Reached XP level 8. HP: 39/58 MP: 7/11
  5822 | D:5      | Noticed Edmund
  5841 | D:5      | Killed Edmund
  5841 | D:5      | Reached skill level 7 in Maces & Flails
  5986 | D:5      | Your ally Edmund died
  6087 | D:6      | Noticed Duvessa
  6089 | D:6      | Noticed Dowan
  6109 | D:6      | Killed Duvessa
  6112 | D:6      | Killed Dowan
  6273 | D:6      | Your ally Dowan died
  6280 | D:6      | Your ally Duvessa died
  6684 | D:6      | Reached skill level 8 in Necromancy
  7000 | D:7      | Reached XP level 9. HP: 49/63 MP: 12/12
  7005 | D:7      | Reached skill level 9 in Necromancy
  7536 | D:7      | Found a staircase to the Ecumenical Temple.
  7545 | Temple   | Entered the Ecumenical Temple
  7558 | Temple   | Became a worshipper of Kikubaaqudgha
  7789 | D:8      | Noticed an ice statue
  7827 | D:8      | Identified a scroll of acquirement
  7902 | D:8      | Reached skill level 5 in Dodging
  8114 | D:8      | HP: 3/63 [ice statue/bolt of cold (21)]
  8159 | D:8      | Reached skill level 10 in Necromancy
  8285 | D:8      | Reached skill level 1 in Evocations
  8537 | D:8      | HP: 1/63 [wight/halberd of chopping (13)]
  8537 | D:8      | Slain by a wight

Action                   |  1- 3 |  4- 6 |  7- 9 || total
-------------------------+-------+-------+-------++-------
Melee: Club              |   111 |    31 |       ||   142
       Flail             |       |   161 |       ||   161
       Whip              |       |     7 |   287 ||   294
Throw: Stone             |    33 |    37 |    63 ||   133
 Cast: Pain              |    39 |     1 |       ||    40
       Animate Skeleton  |    12 |    28 |    20 ||    60
       Vampiric Draining |       |    22 |     4 ||    26
 Abil: Evoke Teleportati |       |       |     1 ||     1
  Use: Potion            |     1 |       |     3 ||     4
       Scroll            |       |       |    19 ||    19
 Stab: Sleeping          |     4 |       |     4 ||     8
       Distracted        |       |     2 |     2 ||     4
  Eat: Chunk             |     5 |    12 |    12 ||    29
       Fruit             |     1 |     1 |       ||     2
